Map: Lost and Found LE

Players

LiquidTLO (TLO) - Winner!

  • Race: Zerg Zerg
  • Spawn Location: 1:00

DeMusliM

  • Race: Terran Terran
  • Spawn Location: 7:00

Event: WCS Valencia 2018

VOD

Have the link to the VOD?

Description

Time

  • Played on: July 12, 2018, 11:11 a.m.
  • Length: 6:08

All games in this series

Show
View Real Time Build Order
Export as new Build Order

LiquidTLO Zerg - Winner!

Build Orders: Pool First 

Get SALT Encoding   

  12  0:00  Drone  
  13  0:08  Drone  
  14  0:17  Overlord  
  14  0:36  Drone x2  
  14  0:41  Spawning Pool  
  15  0:43  Drone  
  15  0:48  Drone  
  17  1:09  Hatchery  
  16  1:11  Drone  
  16  1:14  Drone  
  18  1:21  Drone  
  19  1:28  Queen  
  21  1:47  Hatchery  
  21  1:50  Extractor  
  21  1:51  Drone  
  20  1:55  Drone  
  20  1:57  Drone  
  22  2:10  Overlord  
  22  2:20  Queen  
  22  2:22  Zergling x2  
  25  2:25  Queen  
  27  2:30  Drone  
  27  2:32  Drone  
  27  2:34  Drone  
  30  2:43  Overlord  
  30  2:45  Drone  
  30  2:48  Drone  
  30  2:50  Drone  
  33  2:54  Metabolic Boost  
  33  3:00  Drone  
  33  3:01  Drone  
  33  3:04  Drone  
  33  3:05  Drone  
  37  3:07  Drone  
  37  3:09  Drone  
  37  3:11  Drone  
  40  3:14  Drone  
  40  3:19  Drone x2  
  43  3:23  Queen  
  45  3:30  Zergling x2  
  45  3:31  Drone  
  45  3:32  Overlord  
  47  3:34  Drone  
  47  3:37  Drone x2  
  50  3:43  Overlord  
  50  3:44  Overlord  
  50  3:47  Overlord  
  49  3:51  Drone  
  49  3:52  Drone  
  51  3:55  Extractor  
  51  3:56  Drone  
  51  3:57  Drone  
  51  3:59  Baneling Nest  
  51  4:02  Zergling x2  
  52  4:03  Zergling x6  
  52  4:07  Zergling x2, Evolution Chamber  
  52  4:08  Drone x2  
  57  4:10  Drone  
  57  4:12  Zergling x2  
  57  4:14  Zergling x4  
  57  4:16  Zergling x2  
  62  4:18  Zergling x2  
  63  4:25  Zergling x4  
  63  4:26  Overlord  
  63  4:30  Overlord  
  63  4:31  Zergling x2  
  66  4:32  Zergling x4  
  66  4:36  Zergling x2  
  66  4:37  Zergling x4  
  66  4:38  Zergling x4  
  74  4:45  Zergling x4  
  74  4:48  Zergling x2  
  74  4:50  Zergling x4  
  74  4:52  Zergling x2  
  79  4:55  Zergling x2  
  79  4:58  Zergling x2  
  79  4:59  Zergling x2  
  82  5:01  Baneling x2  
  82  5:06  Zergling x2  
  83  5:12  Zergling x2  
  83  5:13  Zergling x2  
  81  5:15  Zergling x6  
  81  5:17  Zergling x4  
  81  5:19  Zergling x4  
  86  5:22  Zergling x2  
  86  5:23  Zergling x4  
  86  5:26  Zergling x2  
  86  5:29  Drone  
  86  5:31  Zergling x2, Evolution Chamber  
  86  5:34  Zergling x2  
  85  5:38  Zergling x2  
  85  5:40  Zergling x2  
  85  5:41  Zergling x4  
  86  5:43  Zergling x2  
  86  5:44  Hatchery  
  86  5:45  Zergling x2  
  86  5:46  Baneling  
Show
View Real Time Build Order
Export as new Build Order

DeMusliM Terran 

Build Orders: Reaper Expand 

Get SALT Encoding   

  12  0:00  SCV  
  13  0:12  SCV  
  14  0:16  Supply Depot  
  14  0:24  SCV  
  15  0:38  SCV  
  15  0:40  Barracks  
  16  0:43  Refinery  
  16  0:50  SCV  
  17  1:02  SCV  
  18  1:14  SCV  
  19  1:27  Reaper, Orbital Command  
  20  1:39  Command Center  
  20  1:46  Supply Depot  
  20  1:52  SCV  
  21  1:59  Marine  
  22  2:08  Factory, SCV  
  23  2:20  Barracks Reactor  
  23  2:22  SCV  
  24  2:34  SCV  
  25  2:40  Bunker  
  25  2:46  SCV  
  25  2:50  Command Center  
  26  2:54  Orbital Command  
  26  2:59  SCV  
  26  3:03  Starport  
  27  3:07  Barracks Tech Lab  
  27  3:11  SCV  
  28  3:15  Refinery  
  28  3:16  Hellion  
  30  3:20  SCV  
  30  3:24  Hellion  
  34  3:27  SCV  
  34  3:32  SCV  
  35  3:38  Barracks Tech Lab  
  35  3:39  SCV  
  36  3:44  SCV  
  37  3:51  SCV  
  37  3:52  Banshee  
  45  3:57  SCV  
  42  4:03  SCV  
  42  4:05  Supply Depot, Orbital Command  
  42  4:06  Stimpack  
  42  4:09  SCV  
  44  4:12  Barracks  
  44  4:15  SCV, Barracks  
  44  4:16  Factory Reactor, Marine  
  46  4:21  SCV  
  47  4:27  SCV, Engineering Bay x2  
  47  4:31  Refinery  
  48  4:32  Refinery  
  48  4:34  Marine  
  48  4:36  SCV x2  
  50  4:43  SCV  
  51  4:48  SCV  
  51  4:49  Starport Reactor  
  51  4:50  Supply Depot  
  51  4:52  Orbital Command  
  52  4:55  SCV  
  52  4:59  Marine x2  
  55  5:00  SCV  
  55  5:01  Marine  
  57  5:07  SCV  
  57  5:12  SCV  
  57  5:13  Supply Depot  
  57  5:19  SCV, Marine x2  
  57  5:20  Siege Tank  
  62  5:22  Marine  
  62  5:24  SCV  
  58  5:31  SCV  
  58  5:33  Marine  
  58  5:34  Marine  
  57  5:36  SCV  
  57  5:40  Marine x2  
  57  5:41  Marine  
  53  5:43  SCV  
  50  5:54  SCV  
  50  5:56  SCV  
Tags
 
Add a new tag
Caveats
  • Supply blocks, unpowered buildings, or Contaminate may cause inaccurate times.
  • Supply counts are checked every 10 seconds.